Description

some fun build

Replay - JHEFFE TvZ Build

Build Order

Get SALT Encoding   

  12  0:01  SCV  
  13  0:13  SCV  
  14  0:17  Supply Depot  
  14  0:25  SCV  
  15  0:29  Refinery  
  15  0:39  SCV  
  16  0:45  Barracks  
  16  0:51  SCV  
  17  1:03  SCV  
  18  1:15  SCV  
  19  1:32  Reaper  
  20  1:33  Orbital Command  
  20  1:48  Command Center  
  20  1:58  SCV  
  21  2:02  Factory  
  21  2:06  Barracks Reactor  
  21  2:10  SCV  
  21  2:13  Refinery  
  22  2:19  Supply Depot  
  22  2:22  SCV  
  24  2:46  Starport, Hellion  
  24  2:48  Marine x2  
  29  3:01  Orbital Command  
  29  3:09  Marine x2  
  32  3:16  Cyclone  
  35  3:24  Medivac  
  38  3:33  Supply Depot  
  38  3:34  Marine x2  
  43  3:55  Supply Depot  
  45  4:04  Hellion x2  
  45  4:09  Liberator  
  52  4:19  Supply Depot  
  53  4:25  Hellion x2  
  62  4:41  Command Center  
  62  4:45  Refinery x2  
  64  4:49  Hellion x2  
  69  5:05  Armory x2  
  70  5:18  Barracks Tech Lab  
  71  5:27  Factory x2  
  66  5:29  Starport Tech Lab  
  66  5:30  Hellion x2  
  71  5:54  Terran Vehicle And Ship Armor Level 1, Terran Vehicle Weapons Level 1, Orbital Command  
  71  5:57  Starport Reactor  
  72  5:58  Hellion  
  78  6:20  Thor x2  
  78  6:25  Orbital Command  
  90  6:38  Medivac x2  
  92  6:41  Refinery x2  
  96  6:51  Infernal Pre-Igniter  
  103  7:06  Siege Tank x2  
  119  7:42  Factory x2  
  122  7:53  Siege Tank x2  
  122  7:58  Terran Vehicle Weapons Level 2  
  133  7:59  Terran Vehicle And Ship Armor Level 2  
  138  8:25  Siege Tank x2  
  138  8:26  Factory Tech Lab  
  144  8:28  Factory Reactor  
  144  8:31  Command Center  
  144  8:32  Viking x2  
  147  8:47  Siege Tank  
  154  8:57  Siege Tank x2  
  168  9:20  Refinery x2, Siege Tank  
  168  9:23  Engineering Bay  
  171  9:31  Viking x2  
  181  9:50  Planetary Fortress  
  184  9:56  Factory x2  
Spawning Tool Build Advisor. Get it on Overwolf

Analysis

such analysis

Go to:

Details

  • Created by: Terradin
  • Published on: Jan 18, 2018
  • Modified on: Mar 10, 2018
  • Patch: 4.0.0
Show
View Real Time Build Order
Export as new Build Order

Comments (0)

There are no comments. Be the first!

Create an account to comment!